 Dungeon Crawl Stone Soup version 0.28.0-55-gcd9437bce4 (webtiles) character file.

Game seed: 5966505619997792396

2 nerdsy the Ruffian (level 1, -1/16 HPs)
             Began as a Palentonga Transmuter on Jan 1, 2023.
             Slain by a hobgoblin (2 damage)
             ... on level 1 of the Dungeon.
             The game lasted 00:01:00 (48 turns).

nerdsy the Ruffian (Palentonga Transmuter)            Turns: 48, Time: 00:01:00

Health: -1/16      AC:  4    Str: 13    XL:     1   Next: 25%
Magic:  2/3        EV:  9    Int: 13    God:
Gold:   0          SH:  0    Dex: 10    Spells: 3/4 levels left

rFire   . . .      SeeInvis +   b - +0 mace
rCold   . . .      Faith    .   (no shield)
rNeg    . . .      Spirit   .   a - +0 robe
rPois   .          Reflect  .   (helmet currently unavailable)
rElec   .          Harm     .   (no cloak)
rCorr   .          Rampage  .   (no gloves)
Will    .....                   (no barding)
Stlth   +.........              (no amulet)
HPRegen 0.05/turn               (no ring)
MPRegen 0.08/turn               (no ring)

@: appendages (expiring)
A: horns 2, talons 2, large, rugged brown scales 3, see invisible, deformed
body, roll 1, armoured tail
a: Rolling Charge, End Transformation


You were on level 1 of the Dungeon.
You had temporarily grown beastly horns and talons.
You visited 1 branch of the dungeon, and saw 1 of its levels.

Inventory:

Hand Weapons
 b - a +0 mace (weapon)
Armour
 a - a +0 robe (worn)
 c - a +0 helmet (melded)


   Skills:
 + Level 1.0 Fighting
 + Level 1.7 Dodging
 + Level 3.0 Unarmed Combat
 + Level 2.0 Spellcasting
 + Level 2.0 Transmutations


You had 3 spell levels left.
You knew the following spells:

 Your Spells              Type           Power      Damage    Failure   Level
a - Beastly Appendage     Tmut           12%        N/A       11%         1

Your spell library contained the following spells:

 Spells                   Type           Power      Damage    Failure   Level
 Wereblood                Tmut           6%         N/A       17%         2
 Spider Form              Tmut/Pois      3%         N/A       45%         3
 Ice Form                 Ice/Tmut       3%         N/A       86%         4


Dungeon Overview and Level Annotations

Branches:
Dungeon (1/15)

Altars:


Innate Abilities, Weirdness & Mutations

You have temporarily grown beastly horns and talons.
You are completely covered in rugged brown scales. (AC +3, +7% HP)
You have supernaturally acute eyesight. (SInv)
Armour fits poorly on your strangely shaped body.
You can roll at nearby foes to attack.
You have a long armoured tail.


Message History

The quokka bites you but does no damage.
The hobgoblin hits you but does no damage.
The quokka bites you but does no damage.
You barely miss the hobgoblin.
The hobgoblin is almost dead.
The quokka bites you.
The hobgoblin hits you but does no damage.
You closely miss the hobgoblin.
The hobgoblin is almost dead.
The quokka bites you but does no damage.
The hobgoblin closely misses you. The quokka barely misses you.
The hobgoblin hits you but does no damage.
You barely miss the hobgoblin.
Your tail-slap misses the hobgoblin.
The hobgoblin is almost dead.
The quokka barely misses you. The hobgoblin misses you. The quokka bites you.
Casting: Beastly Appendage (safe; 11% risk of failure)
Confirm with . or Enter, or press ? or * to list all spells.
You grow a pair of large bovine horns.
Your feet morph into talons.
Your +0 helmet melds into your body.
The hobgoblin hits you but does no damage.
The quokka barely misses you.
You barely miss the quokka. You claw the quokka, but do no damage.
Your headbutt misses the quokka. The quokka bites you.
The hobgoblin barely misses you.
The quokka bites you but does no damage.
You hit the quokka. Your headbutt misses the quokka.
Your tail-slap misses the quokka.
The quokka is severely wounded.
The hobgoblin hits you.
* * * LOW HITPOINT WARNING * * *
The quokka barely misses you.
The hobgoblin hits you but does no damage.
You closely miss the quokka. You claw the quokka.
You kill the quokka!
Your transformation is almost over.
The hobgoblin barely misses you.
You barely miss the goblin. You headbutt the goblin.
You kill the goblin!
The hobgoblin hits you.
You die...

#...########...
#............... ...
#..#.....#......
##...
#..#.....#.....#..).#
#..#.....#.........#
#..#.....#.# #.#...#
#..#..<..#.# #....
#..#.....#.###)g#
#..#.....#..##@#
#..#.....#...†.#
##.#.....#..##.#
#..........##...
########...##.#...
######.#..... #.#
#### #.# .#


You could see a hobgoblin.

Vanquished Creatures
  A goblin (D:1)
  A quokka (D:1)
  A ball python (D:1)
3 creatures vanquished.

Notes
Turn   | Place    | Note
-------+----------+-------------------------------------------
     0 | D:1      | nerdsy the Palentonga Transmuter began the quest for the
                  | Orb.
     0 | D:1      | Reached XP level 1. HP: 16/16 MP: 3/3
    48 | D:1      | Slain by a hobgoblin

Illustrated notes

Levels and vault maps discovered:
D:1:      minmay_arrival_semitransparent, layout_basic, minmay_bisected

Action                   || total
-------------------------++-------
Melee: Mace              ||    13
       Kick              ||     2
       Headbutt          ||     1
 Cast: Beastly Appendage ||     1
Armor: Robe              ||    12
Dodge: Dodged            ||    14
